Map: Orbital Shipyard

Players

ReGoR

  • Race: Zerg Zerg

SirRobin - Winner!

  • Race: Zerg Zerg
  • League: Platinum

Event: Gauntlet LotV Series 1 Qualifier 2

VOD

Have the link to the VOD?

Description

Time

  • Played on: Dec. 5, 2015, 2:05 p.m.
  • Length: 10:46

All games in this series

Show
View Real Time Build Order
Export as new Build Order

ReGoR Zerg 

Build Orders: Hatch First 

Get SALT Encoding   

  12  0:00  Drone  
  13  0:08  Drone  
  14  0:17  Overlord  
  14  0:22  Extractor  
  14  0:23  Drone  
  15  0:35  Drone x2  
  17  0:45  Drone  
  18  0:55  Hatchery  
  17  1:09  Spawning Pool  
  16  1:12  Drone  
  16  1:14  Drone  
  16  1:17  Extractor  
  17  1:26  Drone  
  17  1:29  Overlord  
  18  1:47  Drone  
  18  1:49  Drone  
  20  1:56  Queen  
  20  2:01  Zergling x2  
  23  2:06  Queen  
  23  2:07  Drone  
  26  2:09  Drone  
  27  2:18  Metabolic Boost, Drone  
  28  2:35  Drone  
  28  2:36  Hatchery  
  28  2:46  Drone x2, Baneling Nest  
  28  2:48  Zergling x2  
  30  2:52  Drone  
  30  2:55  Drone  
  32  2:59  Overlord  
  31  3:07  Drone x3  
  31  3:11  Drone  
  31  3:12  Drone  
  36  3:17  Overlord  
  36  3:29  Zergling x8  
  36  3:34  Zergling x2  
  41  3:40  Zergling x4  
  43  3:42  Zergling x2  
  43  3:43  Zergling x2  
  45  3:49  Baneling  
  45  3:50  Baneling  
  45  3:52  Queen  
  45  3:54  Overlord  
  45  3:55  Drone x4  
  49  3:59  Drone x2  
  53  4:04  Drone  
  53  4:09  Roach Warren  
  53  4:10  Baneling x4  
  53  4:17  Drone x3  
  53  4:18  Drone  
  51  4:39  Drone  
  51  4:40  Drone x7  
  57  4:45  Extractor  
  57  4:47  Extractor  
  57  4:48  Zergling x2  
  57  4:51  Zergling x4  
  57  4:53  Burrow, Spine Crawler  
  57  4:54  Overlord  
  55  5:02  Zergling x4  
  55  5:04  Zergling x2  
  55  5:07  Baneling x2  
  58  5:13  Overlord  
  58  5:14  Roach x2  
  58  5:15  Roach x3  
  58  5:16  Roach  
  58  5:17  Overlord  
  58  5:18  Overlord  
  58  5:19  Drone  
  58  5:20  Drone  
  70  5:28  Zergling x6  
  70  5:35  Queen  
  64  5:53  Drone x10  
  70  6:08  Lair  
  70  6:12  Evolution Chamber  
  70  6:15  Ravager x5  
  74  6:19  Drone x2, Extractor x2  
  74  6:20  Drone x2  
  74  6:21  Drone x2, Extractor  
  74  6:22  Drone x2  
  74  6:23  Drone  
  74  6:24  Drone x2  
  74  6:25  Drone  
  83  6:26  Overlord  
  83  6:32  Overlord  
  83  6:39  Overlord  
  83  6:42  Zerg Missile Weapons Level 1  
  83  6:43  Roach x5  
  93  6:47  Overlord  
  93  6:49  Roach x3  
  99  6:54  Roach x3  
  99  6:55  Hatchery, Roach  
  99  6:57  Overlord  
  99  7:00  Drone  
  99  7:01  Drone  
  108  7:03  Drone  
  108  7:06  Glial Reconstitution  
  109  7:08  Overseer  
  109  7:11  Drone x2  
  109  7:12  Drone  
  112  7:16  Roach x4  
  120  7:28  Hatchery  
  120  7:29  Overlord x2  
  119  7:34  Roach x4  
  127  7:45  Roach  
  127  7:46  Roach x4  
  127  7:47  Overlord x2  
  137  7:54  Overlord x2  
  137  7:56  Ravager x2  
  137  7:57  Ravager x4  
  143  8:06  Hydralisk Den, Roach  
  143  8:07  Roach x4  
  152  8:17  Pneumatized Carapace  
  152  8:20  Zergling x2  
  153  8:28  Roach x9  
  153  8:29  Roach  
  173  8:49  Roach x7  
  185  9:07  Roach x3  
  189  9:14  Drone  
  189  9:15  Drone x2  
  191  9:23  Roach x3  
  197  9:24  Overlord  
  197  9:31  Overlord  
  167  9:52  Roach x8  
  155  9:53  Roach x5  
  155  9:59  Roach  
  134  10:00  Roach x7  
  134  10:04  Roach  
  134  10:05  Roach  
  120  10:07  Roach x5  
  120  10:09  Roach  
  123  10:17  Roach x4  
  119  10:22  Roach x2  
Show
View Real Time Build Order
Export as new Build Order

SirRobin Zerg - Winner!

Build Orders: Hatch First, Zergling Baneling 

Get SALT Encoding   

  12  0:00  Drone  
  13  0:08  Drone  
  14  0:17  Overlord  
  14  0:23  Drone, Extractor  
  15  0:35  Drone x2  
  17  0:52  Hatchery  
  17  0:54  Drone  
  17  0:57  Drone  
  18  1:10  Spawning Pool  
  17  1:12  Extractor  
  17  1:15  Drone  
  17  1:18  Drone  
  18  1:27  Drone  
  19  1:41  Hatchery  
  19  1:43  Drone  
  19  1:48  Drone  
  20  1:57  Queen  
  22  2:05  Queen  
  24  2:09  Drone  
  24  2:15  Overlord  
  25  2:19  Drone  
  26  2:23  Metabolic Boost  
  26  2:27  Drone  
  27  2:30  Drone  
  27  2:33  Drone  
  29  2:37  Drone  
  29  2:38  Drone  
  31  2:44  Baneling Nest  
  31  2:46  Drone  
  32  2:51  Drone  
  32  2:52  Drone  
  32  2:55  Drone  
  34  3:02  Extractor  
  33  3:05  Drone x2  
  33  3:06  Drone x2  
  33  3:07  Drone  
  38  3:13  Queen  
  38  3:15  Drone  
  38  3:19  Overlord  
  41  3:24  Drone  
  41  3:26  Extractor  
  41  3:30  Drone  
  42  3:35  Roach Warren  
  42  3:36  Overlord  
  42  3:37  Drone  
  42  3:41  Drone x4  
  42  3:45  Zergling x2  
  42  3:46  Zergling x2  
  48  3:54  Drone x5  
  53  3:56  Overlord  
  53  4:02  Spine Crawler  
  52  4:03  Zergling x4  
  52  4:04  Baneling  
  52  4:05  Baneling  
  52  4:08  Zergling x4  
  48  4:39  Zergling x10  
  48  4:40  Zergling x14  
  48  4:42  Zergling x8  
  59  4:51  Zergling x2  
  59  4:58  Baneling x3  
  59  4:59  Baneling x7  
  58  5:03  Drone x4, Queen  
  64  5:07  Lair  
  64  5:09  Overlord  
  64  5:13  Drone x2  
  59  5:38  Drone x10  
  66  5:45  Drone x3  
  65  5:50  Roach x2  
  65  5:51  Evolution Chamber, Roach, Extractor  
  67  6:01  Drone x2  
  67  6:02  Roach x2  
  67  6:03  Extractor  
  71  6:05  Glial Reconstitution  
  71  6:09  Spine Crawler  
  71  6:10  Spine Crawler  
  69  6:13  Roach x2  
  69  6:14  Overlord x3  
  69  6:17  Zerg Missile Weapons Level 1  
  73  6:20  Spine Crawler  
  72  6:26  Drone x2  
  72  6:28  Overlord x2  
  72  6:31  Overlord x2  
  74  6:35  Drone x5  
  74  6:38  Overlord  
  79  6:40  Roach  
  81  6:47  Extractor  
  81  6:52  Overseer  
  80  6:55  Roach x7  
  94  7:12  Ravager x3  
  94  7:13  Roach x7  
  94  7:14  Roach x2  
  115  7:22  Roach x2  
  121  7:23  Roach  
  121  7:26  Overlord x3  
  121  7:38  Overlord x2  
  121  7:46  Overlord x2  
  121  7:47  Overlord  
  121  7:48  Roach x2  
  121  7:50  Ravager x5  
  130  7:52  Roach  
  130  7:54  Overlord  
  130  7:55  Roach x2  
  130  7:57  Roach  
  144  8:05  Roach x3  
  144  8:06  Roach x2  
  144  8:07  Zergling x2  
  144  8:08  Zergling x4  
  151  8:17  Hatchery  
  150  8:20  Zerg Missile Weapons Level 2  
  150  8:28  Roach  
  150  8:29  Roach x5  
  150  8:31  Roach  
  164  8:41  Roach x5  
  174  8:49  Overlord x2  
  174  8:52  Extractor  
  175  8:55  Roach  
  175  8:56  Roach x4  
  175  9:01  Ravager  
  175  9:02  Ravager  
  183  9:20  Roach  
  183  9:21  Roach x7  
  138  10:00  Roach  
  138  10:01  Roach x14  
  161  10:16  Ravager x2  
  155  10:26  Ravager  
Tags
 
Add a new tag
Caveats
  • Supply blocks, unpowered buildings, or Contaminate may cause inaccurate times.
  • Supply counts are checked every 10 seconds.